 Dungeon Crawl Stone Soup version 0.27.0-1-g7a089689b8 (webtiles) character file.

Game seed: 12235664339564298577

4064 Descartes the Covert (level 10, -1/44 HPs)
             Began as a Spriggan Venom Mage on Aug 17, 2021.
             Was an Initiate of Dithmenos.
             Succumbed to a kobold brigand's curare-tipped dart
             ... on level 8 of the Dungeon.
             The game lasted 00:40:14 (13733 turns).

Descartes the Covert (Spriggan Venom Mage)         Turns: 13733, Time: 00:40:15

Health: -1/44      AC:  2    Str:  7    XL:     10   Next: 5%
Magic:  17/17      EV: 21    Int: 17    God:    Dithmenos [......]
Gold:   330        SH:  0    Dex: 16    Spells: 8/17 levels left

rFire    . . .     SeeInvis +   A - +0 shortbow
rCold    . . .     Faith    .   (shield currently unavailable)
rNeg     + . .     Spirit   .   a - +0 robe
rPois    .         Reflect  .   (helmet restricted)
rElec    .         Harm     .   (no cloak)
rCorr    .         Rampage  .   (gloves unavailable)
Will     +....                  (boots unavailable)
Stlth    +++++.....             (no amulet)
HPRegen  0.14/turn              B - ring of positive energy
MPRegen  0.15/turn              (no ring)

@: lethally poisoned (-1 -> -15), slowed, quick
A: very small, no large weapons, unfitting armour, see invisible, speed 3
a: Renounce Religion


You were on level 8 of the Dungeon.
You worshipped Dithmenos.
Dithmenos was noncommittal.
You visited 2 branches of the dungeon, and saw 9 of its levels.

You collected 330 gold pieces.

Inventory:

Hand Weapons
 n - a +0 hand crossbow
 s - a +1 falchion of holy wrath
 A - a +0 shortbow (weapon)
 E - a +2 dagger of flaming
Missiles
 g - 86 bolts
 i - 60 sling bullets
 j - 302 stones
 k - 4 boomerangs
 l - 128 arrows (quivered ammo)
 p - 24 poisoned darts
 v - 2 throwing nets
 D - a curare-tipped dart
Armour
 a - a +0 robe (worn)
Jewellery
 B - a ring of positive energy (left hand)
Wands
 t - a wand of polymorph (8)
Scrolls
 b - 2 scrolls of enchant armour
 e - 4 scrolls of teleportation
 r - 2 scrolls of holy word {unknown}
 w - 3 scrolls of noise
 x - a scroll of magic mapping
 y - a scroll of immolation
 C - a scroll of amnesia
 F - a scroll of acquirement {unknown}
Potions
 c - 2 potions of attraction
 f - 3 potions of degeneration
 h - 2 potions of mutation {unknown}
 m - 2 potions of brilliance {unknown}
 o - a potion of ambrosia {unknown}
 q - a potion of berserk rage {unknown}
 z - a potion of lignification {unknown}


   Skills:
 - Level 5.0 Bows
 + Level 8.1 Dodging
 + Level 13.0 Stealth
 + Level 4.3 Spellcasting
 + Level 3.3 Hexes
 - Level 1.3 Transmutations
 - Level 8.0 Poison Magic
 + Level 4.6 Evocations


You had 8 spell levels left.
You knew the following spells:

 Your Spells              Type           Power      Damage    Failure   Level
a - Sting                 Tmut/Pois      76%        1d6       2%          1
b - Olgreb's Toxic Radia  Pois           30%        N/A       5%          4
c - Cause Fear            Hex            7%         N/A       36%         4

Your spell library contained the following spells:

 Spells                   Type           Power      Damage    Failure   Level
 Poisonous Vapours        Pois/Air       34%        N/A       4%          2
 Slow                     Hex            15%        N/A       6%          2
 Confusing Touch          Hex            15%        N/A       12%         3
 Summon Small Mammal      Summ           12%        N/A       16%         1
 Mephitic Cloud           Conj/Pois/Air  12%        N/A       16%         3
 Inner Flame              Hex/Fire       9%         N/A       22%         3
 Summon Guardian Golem    Hex/Summ       9%         N/A       22%         3
 Call Canine Familiar     Summ           3%         N/A       41%         3
 Vampiric Draining        Necr           1%         2d6       41%         3
 Discord                  Hex            7%         N/A       100%        8


Dungeon Overview and Level Annotations

Branches:
Dungeon (8/15)             Temple (1/1) D:7
   Lair: D:8-11

Altars:
Ashenzari
Cheibriados
Dithmenos
Elyvilon
Fedhas
Gozag
Hepliaklqana
Kikubaaqudgha
Makhleb
Nemelex Xobeh
Okawaru
Qazlal
Ru
Sif Muna
Trog
Uskayaw
Vehumet
Wu Jian
Xom
Yredelemnul
Zin
The Shining One

Shops:
D:5 [


Innate Abilities, Weirdness & Mutations

You are very small and have problems with some larger weapons.
You are too small for most types of armour.
You have supernaturally acute eyesight. (SInv)
You cover ground extremely quickly. (Speed+++)


Message History

You feel better.
The kobold brigand throws a curare-tipped dart.
The curare-tipped dart hits you.
You are poisoned.
You have difficulty breathing.
* * * LOW HITPOINT WARNING * * *
You feel as though you will be slow longer.
Aiming: Iceblast
Press: ? - help, Shift-Dir - straight line, f/p - kobold brigand
Aim: a kobold brigand, wielding a +0 whip and quivering curare-tipped darts (lightly wounded)
The mass of ice explodes!
The iceblast engulfs the kobold brigand!
The kobold brigand is heavily wounded.
The now-empty wand crumbles to dust.
You feel sick.
The kobold brigand throws a curare-tipped dart.
The curare-tipped dart closely misses you.
You feel better.
The kobold brigand throws a curare-tipped dart.
The curare-tipped dart hits you.
You are lethally poisoned!
You have difficulty breathing.
* * * LOW HITPOINT WARNING * * *
You feel as though you will be slow longer.
You feel better.
The kobold brigand hits you with a +0 whip.
The kobold brigand throws a curare-tipped dart.
The curare-tipped dart completely misses you.
The kobold brigand throws a curare-tipped dart.
The curare-tipped dart hits you.
You are lethally poisoned!
You have difficulty breathing.
* * * LOW HITPOINT WARNING * * *
You feel as though you will be slow longer.
* * * LOW HITPOINT WARNING * * *
You feel very sick.
The kobold brigand throws a curare-tipped dart.
The curare-tipped dart barely misses you.
* * * LOW HITPOINT WARNING * * *
You feel very sick.
You die...

......................P.# ......
.......................#####.....
...#######.....##...... .........
...# #..#..........#####......
#.## ##.#.........###.....#....
#) #..#.............##....... #.
##.#....................... #.
##..................#...#...
...###..#..##...@##...(#.....#.#.
.......##.###...###..#(.>....#.#.
...#......###...# #..........#.#.
. #.###.##.....# ###.#..#...#)..
#. #.........#####.#..#...#...
..##........K##..<....#...#..[ .#
#.............##.##.#####)). ..
#.......(((...........###)[. ..
##.##...###......)........###


You could see a kobold brigand.

Vanquished Creatures
  Erica (D:8)
  Eustachio (D:4)
  A yak (D:7)
  2 water moccasins
  An orc warrior (D:6)
  3 black bears
  2 ice beasts (D:6)
  A necrophage (D:4)
  2 centaurs (D:6)
  2 ogres
  2 phantoms
  2 kobold brigands
  A gnoll sergeant (D:5)
  A bullfrog (D:6)
  2 scorpions
  6 killer bees
  3 wights (D:6)
  3 howler monkeys (D:7)
  A crimson imp (D:5)
  2 orc priests
  A bullfrog zombie (D:7)
  3 centaur zombies
  3 hounds
  A jelly (D:5)
  An iguana (D:4)
  2 centaur skeletons
  Jessica (D:3)
  5 orc wizards
  Natasha (thrice) (D:3)
  A statue (D:7)
  8 gnolls
  3 adders
  2 white imps (D:6)
  An ufetubus (D:6)
  2 adder skeletons
  A worm (D:2)
  4 dart slugs
  24 orcs
  7 endoplasms
  6 giant cockroaches
  5 hobgoblins
  4 jackals
  A quokka (D:4)
  5 ball pythons
  5 bats
  8 goblins
  2 goblin skeletons (D:5)
  A goblin zombie (D:5)
  2 hobgoblin zombies (D:5)
  20 kobolds
  A kobold skeleton (D:5)
  An orc skeleton (D:5)
  An orc zombie (D:5)
  9 rats
183 creatures vanquished.

Notes
Turn   | Place    | Note
-------+----------+-------------------------------------------
     0 | D:1      | Descartes the Spriggan Venom Mage began the quest for the
                  | Orb.
     0 | D:1      | Reached XP level 1. HP: 9/9 MP: 5/5
   355 | D:1      | Reached XP level 2. HP: 13/13 MP: 4/6
   443 | D:1      | Found a faded altar of an unknown god.
   803 | D:1      | Reached skill level 4 in Stealth
  1663 | D:2      | Reached XP level 3. HP: 16/16 MP: 4/8
  2402 | D:2      | Reached skill level 5 in Stealth
  2729 | D:2      | Reached XP level 4. HP: 21/21 MP: 6/9
  3463 | D:3      | Noticed Jessica
  3464 | D:3      | Noticed Natasha
  3471 | D:3      | Killed Jessica
  3472 | D:3      | Reached skill level 6 in Stealth
  3472 | D:3      | Reached XP level 5. HP: 24/24 MP: 8/10
  3480 | D:3      | Killed Natasha
  3707 | D:3      | Noticed Natasha
  3730 | D:3      | Killed Natasha
  3743 | D:3      | Noticed Natasha
  4001 | D:3      | Killed Natasha
  4002 | D:3      | Reached skill level 5 in Poison Magic
  4280 | D:4      | Reached skill level 7 in Stealth
  4501 | D:4      | Reached XP level 6. HP: 28/28 MP: 9/11
  4770 | D:4      | Reached skill level 8 in Stealth
  4918 | D:4      | Noticed Eustachio
  4955 | D:4      | Killed Eustachio
  4956 | D:4      | Reached skill level 9 in Stealth
  4956 | D:4      | Reached XP level 7. HP: 32/32 MP: 5/12
  5351 | D:5      | Entered Level 5 of the Dungeon
  5841 | D:5      | Found Neetwa's Armour Emporium.
  6397 | D:5      | Found a glowing golden altar of the Shining One.
  6509 | D:5      | Reached skill level 10 in Stealth
  6951 | D:6      | Reached XP level 8. HP: 36/36 MP: 10/13
  7156 | D:6      | Learned a level 4 spell: Olgreb's Toxic Radiance
  7839 | D:6      | Found a snail-covered altar of Cheibriados.
  7839 | D:6      | Found a broken altar of Ashenzari.
  8166 | D:6      | Reached skill level 11 in Stealth
  8234 | D:6      | Reached skill level 5 in Dodging
  8519 | D:6      | Reached skill level 1 in Bows
  9334 | D:6      | Reached XP level 9. HP: 37/38 MP: 14/14
  9741 | D:6      | Reached skill level 12 in Stealth
 10021 | D:7      | Reached skill level 1 in Evocations
 10121 | D:6      | Learned a level 4 spell: Cause Fear
 10685 | D:7      | Found a shimmering altar of Xom.
 10685 | D:7      | Noticed an angel
 10742 | D:7      | Found a glowing silver altar of Zin.
 11269 | D:7      | Found a radiant altar of Vehumet.
 11707 | D:7      | Found a staircase to the Ecumenical Temple.
 11750 | Temple   | Entered the Ecumenical Temple
 11912 | Temple   | Became a worshipper of Dithmenos the Shadowed
 12405 | D:8      | Noticed Erica
 12712 | D:7      | Reached skill level 1 in Hexes
 13162 | D:8      | Killed Erica
 13163 | D:8      | Reached skill level 5 in Bows
 13435 | D:7      | Reached skill level 13 in Stealth
 13435 | D:7      | Reached XP level 10. HP: 44/44 MP: 7/17
 13732 | D:8      | HP: 2/44 [poisoned by a kobold brigand (curare-tipped
                  | dart)]
 13733 | D:8      | Succumbed to a kobold brigand's curare-tipped dart

Illustrated notes

Levels and vault maps discovered:
D:1:      eino_arrival_tree_alley, layout_loops_corners,
          chequers_ecumenical_altar_simple
D:2:      layout_loops_cross, st_stairs_9
D:3:      layout_basic, lightli_corner_chamber, uniq_jessica, uniq_natasha
D:4:      layout_basic, hangedman_decor_lopped, uniq_eustachio
D:5:      layout_loops_ring, nicolae_tso_besieged_by_evil, serial_shops,
          nicolae_shop_statue_plus
D:6:      layout_loops_corners, gammafunk_temple_overflow_elements,
          moated_statue
D:7:      layout_cave_pools, grunt_temple_overflow_order_and_chaos_1,
          vehumet_statue, minmay_temple_entry_proselytizer
D:8:      layout_rooms, grunt_lair_entry_orc_guard_hut, uniq_erica
Temple:   eino_temple_scatter_basement

Skill      XL: |  1  2  3  4  5  6  7  8  9 |
---------------+----------------------------+-----
Stealth        | 4 5 6 7 9 10 11 13 | 13.0
Poison Magic   | 4 5 6 7 8 |  8.0
Dodging        | 6 8 |  8.1
Bows           | 3 5 |  5.0
Evocations     | 4 |  4.6
Spellcasting   | 4 |  4.3
Hexes          | 3 |  3.3
Transmutations | |  1.3

Action                   |  1- 3 |  4- 6 |  7- 9 | 10-12 || total
-------------------------+-------+-------+-------+-------++-------
Melee: Falchion          |       |       |     5 |       ||     5
 Fire: Hand crossbow     |       |    83 |   281 |       ||   364
       Shortbow          |       |       |    86 |    22 ||   108
 Cast: Sting             |    95 |    38 |    86 |       ||   219
       Olgreb's Toxic Ra |       |       |    24 |       ||    24
Evoke: Wand              |       |       |     4 |     1 ||     5
  Use: Scroll            |       |       |     9 |       ||     9
       Potion            |       |       |       |     3 ||     3
Armor: Robe              |     2 |       |     8 |       ||    10
Dodge: Dodged            |    21 |     6 |   163 |    11 ||   201
       Rpst.: Falchion   |       |       |     1 |       ||     1
